 Dungeon Crawl Stone Soup version 0.30-a0-723-gc1506a1cf0 (webtiles) character file.

Game seed: 2454249366739122608

677 freelancePsychic the Ruffian (level 7, 0/81 HPs)
             Began as a Djinni Berserker on Jan 29, 2023.
             Was a Priest of Trog.
             Slain by a gnoll
             ... wielding a +0 whip
             ... led by a gnoll sergeant
              (5 damage)
             ... on level 4 of the Dungeon.
             The game lasted 00:08:15 (5133 turns).

freelancePsychic the Ruffian (Djinni Berserker)     Turns: 5133, Time: 00:08:16

Health: 0/81       AC:  3    Str: 18    XL:     7   Next: 91%
Gold:   161        EV: 12    Int:  8    God:    Trog [***...] SH:  0 Dex: 13

rFire   + + .      SeeInvis .      - Unarmed
rCold   x . .      Faith    .    (no shield)
rNeg    . . .      Spirit   .    c - +0 leather armour
rPois   ∞          Reflect  .    (no helmet)
rElec   .          Harm     .    (no cloak)
rCorr   .          Rampage  .    (no gloves)
Will    +....                    (boots unavailable) Stlth
                                 (no amulet)
HPRegen 0.33/turn                f - ring of willpower
MPRegen 0.00/turn                (no ring)

@: berserking, flying, very quick
A: sickness immunity, fire resistance 2, cold vulnerability 1, float, innate
caster, HP casting, extra vitality 1
a: Renounce Religion, Berserk, Trog's Hand


You were on level 4 of the Dungeon.
You worshipped Trog.
Trog was most pleased with you.
You visited 1 branch of the dungeon, and saw 5 of its levels.

You collected 226 gold pieces.
You spent 65 gold pieces at shops.

Inventory:

Armour
 a - a +0 animal skin
 c - a +0 leather armour (worn)
Jewellery
 f - a ring of willpower (left hand)
 A - a +6 ring of dexterity
Wands
 o - a wand of polymorph (10)
 v - a wand of digging (1)
 B - a wand of roots (5)
Scrolls
 b - 2 scrolls of teleportation {@r4}
 g - 3 scrolls of identify {unknown}
 h - 2 scrolls of fog {unknown}
 i - 2 scrolls of amnesia {unknown}
 j - a scroll of enchant weapon
 n - 2 scrolls of vulnerability {unknown}
 p - 2 scrolls of noise {unknown}
 q - a scroll of magic mapping {unknown}
 w - a scroll of summoning {unknown}
 x - 3 scrolls of fear {unknown}
 y - a scroll of poison {unknown}
Potions
 d - 2 potions of haste {@q3}
 e - a potion of might {unknown}
 l - a potion of invisibility {unknown}
 m - 3 potions of brilliance {unknown}
 r - 2 potions of mutation {unknown}
 s - a potion of berserk rage {unknown}
 t - a potion of curing {unknown}
 u - a potion of lignification {unknown}
 z - a potion of attraction {unknown}


   Skills:
 + Level 5.2 Fighting
 - Level 2.0 Armour
 - Level 2.1 Dodging
 + Level 3.6 Stealth
 * Level 6.0 Unarmed Combat


You couldn't memorise any spells.
You knew the following spells:

 Your Spells              Type           Power      Damage    Failure   Level
a - Necrotise             Necr           0%         1d4       45%         1
b - Poisonous Vapours     Pois/Air       0%         N/A       61%         2
c - Gell's Gravitas       Tloc           0%         N/A       83%         3
Your spell library was empty.

Dungeon Overview and Level Annotations

Branches:
Dungeon (5/15)
 Temple: D:4-7

Altars:
Okawaru

Shops:
D:1 !([

Annotations:
D:3 Grinder, Terence


Innate Abilities, Weirdness & Mutations

You are immune to sickness and miasma.
You are immune to poison.
Your flesh is very heat resistant. (rF++)
You are vulnerable to cold. (rC-)
You float through the air rather than walking.
You learn spells naturally, not from books.
Your magical power is your life essence.
You have superior vitality. (+4 MHP)


Message History

You hit the gnoll.
The gnoll is lightly wounded.
The gnoll barely misses you. The gnoll hits you but does no damage.
The gnoll sergeant hits you from afar with a +0 spear!
The gnoll misses you. The gnoll attacks as you move away!
The gnoll closely misses you. The gnoll hits you with a +0 flail.
The gnoll attacks as you move away! The gnoll misses you.
The gnoll attacks as you move away! The gnoll barely misses you.
The gnoll attacks as you move away! The gnoll misses you.
The gnoll attacks as you move away! The gnoll misses you.
The gnoll attacks as you move away! The gnoll closely misses you.
The gnoll attacks as you move away! The gnoll hits you with a +0 flail!
The gnoll attacks as you move away! The gnoll hits you with a +0 flail!
The gnoll attacks as you move away! The gnoll completely misses you.
The gnoll attacks as you move away! The gnoll hits you with a +0 flail.
* * * LOW HITPOINT WARNING * * *
The gnoll hits you with a +0 flail.
* * * LOW HITPOINT WARNING * * *
There is a stone staircase leading up here.
The gnoll hits you with a +0 flail.
* * * LOW HITPOINT WARNING * * *
The gnoll sergeant hits you from afar with a +0 spear.
* * * LOW HITPOINT WARNING * * *
You fly upwards.
There is a stone staircase leading down here.
Okay, then.
You feel much better. The gnoll hits you with a +0 flail!
* * * LOW HITPOINT WARNING * * *
The gnoll misses you.
A red film seems to cover your vision as you go berserk!
You feel yourself moving faster!
You feel mighty! The gnoll hits you with a +0 flail!
* * * LOW HITPOINT WARNING * * *
The gnoll hits you with a +0 whip.
* * * LOW HITPOINT WARNING * * *
You barely miss the gnoll. The gnoll hits you with a +0 flail.
* * * LOW HITPOINT WARNING * * *
The gnoll hits you with a +0 whip.
You die...

.........<........#..............
..........#.#...###..............
............#...##...............
#.#.........#...##...............
#...............##...............
..#.....................######.##
#.#....##...............# #.#
#.#.........#...g###....# #.#
.......#.#.....g@.......######.#
.##.#....###....##.#....##.....#
.####.#### #.#####.#....##.#####
.........###.#####.###'###.#
.####........#.....# #.....# ##
####.##..#.##### #######
#...)..#.# #..#.....# #....#####


You could see 2 gnolls.

Vanquished Creatures
  An ice beast (D:5)
  An ogre (D:5)
  A phantom (D:4)
  A jelly (D:5)
  Ijyb (D:3)
  Natasha (thrice) (D:4)
  An iguana (D:5)
  2 orc wizards
  Robin (D:4)
  3 gnolls (D:3)
  3 adders
  A river rat (D:5)
  2 white imps (D:5)
  2 ufetubi
  2 worms
  4 dart slugs (D:1)
  11 orcs
  6 bats
  6 endoplasms
  2 giant cockroaches
  15 goblins
  8 hobgoblins
  4 jackals (D:1)
  10 kobolds
  7 quokkas
  2 ball pythons
  4 frilled lizards
  4 rats
108 creatures vanquished.

Vanquished Creatures (others)
  A demonic plant (D:2)
  A fungus (D:2)
  A withered plant (D:2)
3 creatures vanquished.

Grand Total: 111 creatures vanquished

Notes
Turn   | Place    | Note
-------+----------+-------------------------------------------
     0 | D:1      | freelancePsychic the Djinni Berserker began the quest for
                  | the Orb.
     0 | D:1      | Reached XP level 1. HP: 20/20 MP: 0/0
    61 | D:1      | Reached XP level 2. HP: 24/25 MP: 0/0
   133 | D:1      | Found Meel's Antique Armour Shop.
   290 | D:1      | Reached skill level 1 in Stealth
   294 | D:1      | Reached XP level 3. HP: 12/30 MP: 0/0
   294 | D:1      | Learned a level 1 spell: Necrotise
   466 | D:1      | Found Wecinyits's Weapon Boutique.
   505 | D:1      | Found Feledoac's Distillery.
   514 | D:1      | Reached ** piety under Trog
   567 | D:1      | Bought a potion of heal wounds for 65 gold pieces
   981 | D:2      | Found a faded altar of an unknown god.
  1020 | D:2      | Reached XP level 4. HP: 22/36 MP: 0/0
  1891 | D:3      | Noticed Terence
  2170 | D:3      | Noticed Grinder
  2304 | D:3      | Reached XP level 5. HP: 41/41 MP: 0/0
  2304 | D:3      | Learned a level 2 spell: Poisonous Vapours
  2306 | D:3      | Found an iron altar of Okawaru.
  2314 | D:3      | Reached skill level 4 in Unarmed Combat
  2603 | D:3      | Noticed Ijyb
  2621 | D:3      | Killed Ijyb
  3080 | D:4      | Reached XP level 6. HP: 35/47 MP: 0/0
  3151 | D:4      | Noticed Robin
  3197 | D:4      | Reached *** piety under Trog
  3364 | D:5      | Entered Level 5 of the Dungeon
  3424 | D:5      | Noticed an ice beast
  3425 | D:5      | Noticed an ogre
  3429 | D:5      | Killed an ogre
  3693 | D:4      | Noticed Natasha
  3701 | D:4      | Killed Natasha
  3876 | D:4      | Killed Robin
  3877 | D:4      | Reached skill level 5 in Unarmed Combat
  3987 | D:4      | Reached XP level 7. HP: 35/53 MP: 0/0
  3987 | D:4      | Learned a level 3 spell: Gell's Gravitas
  4141 | D:4      | Noticed Natasha
  4156 | D:4      | Killed Natasha
  4461 | D:5      | Reached skill level 5 in Fighting
  4852 | D:4      | Noticed Natasha
  4868 | D:4      | Killed Natasha
  5008 | D:5      | Reached skill level 6 in Unarmed Combat
  5129 | D:5      | HP: 2/54 [gnoll sergeant/+0 spear (5)]
  5133 | D:4      | Slain by a gnoll

Illustrated notes

Levels and vault maps discovered:
D:1:      scummos_arrival_hexagon, layout_rooms, serial_shops,
          nicolae_shop_stone, shop_fountains, nicolae_shop_crystal,
          interstate_on_off, corexii_corridor_pit, minmay_misc_feat_hallway
D:2:      layout_basic, shapermc_ecumenical_altar_gd
D:3:      layout_basic, okawaru_altar_gauntlet_db, uniq_terence, uniq_ijyb,
          uniq_grinder
D:4:      layout_basic, uniq_robin, uniq_natasha
D:5:      layout_rooms, led_xom_imps

Skill      XL: |  1  2  3  4  5  6  7 |
---------------+----------------------+-----
Stealth        | 1 2 3 |  3.6
Fighting       | 4 5 |  5.2
Unarmed Combat | 4 5 6 |  6.0
Armour         | |  2.0
Dodging        | |  2.1

Action                     |  1- 3 |  4- 6 |  7- 9 || total
---------------------------+-------+-------+-------++-------
  Melee: Unarmed           |   128 |   241 |    87 ||   456
         Punch             |     2 |     3 |     4 ||     9
 Invoke: Berserk           |     2 |     7 |     4 ||    13
  Evoke: Wand              |       |     3 |       ||     3
    Use: Scroll            |     2 |     2 |       ||     4
         Potion            |       |       |     1 ||     1
   Stab: Sleeping          |     1 |     3 |     1 ||     5
 Armour: Leather armour    |    27 |    42 |    15 ||    84
  Dodge: Dodged            |    80 |   128 |    42 ||   250

Table legend: (Time is in decaauts)
 A = Elapsed time spent in this place.
 B = Non-inter-level travel time spent in this place.
 C = Inter-level travel time spent in this place.
 D = Time resting spent in this place.
 E = Time spent auto-exploring this place.
 F = Levels seen in this place.
 G = Mean time per level.
                   A        B        C        D        E       F      G
               +--------+--------+--------+--------+--------+-----+--------+
         Total |   5218 |   5058 |    160 |   1041 |   3012 |   5 | 1043.6 |
       Dungeon |   5218 |   5058 |    160 |   1041 |   3012 |   5 | 1043.6 |
               +--------+--------+--------+--------+--------+-----+--------+

Top non-repeatable levels by time:
     D:3: 1403 daAuts
     D:4: 1258 daAuts
     D:1: 976 daAuts
     D:5: 829 daAuts
     D:2: 751 daAuts
